[Event "January 9 Early 2024"]
[Site "https://www.chess.com"]
[Date "2024.01.11"]
[Round "2"]
[White "Mrudul Dehankar"]
[Black "Mena, Martin"]
[Result "1-0"]
[Board "167"]
[TimeControl "180+1"]
[WhiteFideId "25096990"]
[BlackFideId "10651225"]
[WhiteElo "2441"]
[BlackElo "2078"]
[WhiteTeam "IND"]
[BlackTeam "EGY"]
[WhiteClock "0:00:11"]
[BlackClock "0:00:02"]

1. e4 c6 2. d4 d5 3. Nc3 dxe4 4. Nxe4 Nd7 5. Bc4 Ngf6 6. Ng5 e6 7. N1f3 h6 8. Nh3 Bd6 9. Qe2 Nb6 10. Bb3 O-O 11. Nf4 Nbd5 12. Nd3 Qc7 13. Nfe5 Nd7 14. O-O Nb4 15. Nxb4 Nxe5 16. dxe5 Bxb4 17. c3 Bc5 18. Bc2 Rd8 19. Qe4 Kf8 20. Bf4 Ke7 21. Qh7 g5 22. Bg3 Qb6 23. b4 Bxb4 24. cxb4 Qxb4 25. Qxh6 Bd7 26. Qxg5+ 1-0

[Event "January 9 Early 2024"]
[Site "https://www.chess.com"]
[Date "2024.01.11"]
[Round "2"]
[White "Pranesh M"]
[Black "Moksh Amit Doshi"]
[Result "1-0"]
[Board "168"]
[TimeControl "180+1"]
[WhiteFideId "35028600"]
[BlackFideId "25064967"]
[WhiteElo "2953"]
[BlackElo "2623"]
[WhiteTeam "IND"]
[BlackTeam "IND"]
[WhiteClock "0:00:11"]
[BlackClock "0:00:26"]

1. e4 e5 2. Bc4 Nf6 3. d3 Nc6 4. Nc3 Bc5 5. f4 d6 6. Nf3 Bg4 7. Na4 Nd4 8. fxe5 Nd7 9. Nxc5 Bxf3 10. gxf3 Nxc5 11. exd6 Qh4+ 12. Kf1 Qh3+ 13. Kf2 cxd6 14. Be3 Qh4+ 15. Kg2 Nde6 16. Qd2 O-O 17. Rag1 Nd7 18. d4 Nf6 19. c3 Nh5 20. Kf1 Kh8 21. Qg2 Rae8 22. Qg4 Qxg4 23. Rxg4 f5 24. Rh4 g6 25. Bh6 Rf6 26. Bxe6 Rexe6 27. Kg2 Rf7 28. Bg5 Kg7 29. Re1 h6 30. Bd2 Rfe7 31. Kf2 Kf7 32. exf5 gxf5 33. Rxh5 1-0

[Event "January 9 Early 2024"]
[Site "https://www.chess.com"]
[Date "2024.01.11"]
[Round "2"]
[White "Krzywda, Andrzej"]
[Black "Schnaider, Ilan"]
[Result "0-1"]
[Board "169"]
[TimeControl "180+1"]
[WhiteFideId "1114565"]
[BlackFideId "169013"]
[WhiteElo "2397"]
[BlackElo "2750"]
[WhiteTeam "POL"]
[BlackTeam "ARG"]
[WhiteClock "0:00:15"]
[BlackClock "0:00:22"]

1. e4 c5 2. Nf3 d6 3. d4 cxd4 4. Nxd4 Nf6 5. Nc3 a6 6. Be3 Ng4 7. Bc1 Nf6 8. Be3 Ng4 9. Bc1 Nc6 10. Be2 Nf6 11. O-O e5 12. Nb3 Be7 13. f4 O-O 14. Kh1 b5 15. a3 Bb7 16. Be3 Rc8 17. Qd2 exf4 18. Rxf4 Ne5 19. Bd3 Nfg4 20. Rff1 Nxe3 21. Qxe3 Bg5 22. Qh3 h6 23. Nd4 Ng6 24. Rae1 Rc5 25. Nf5 Nf4 26. Qf3 Rxf5 27. Qg4 Nxd3 28. cxd3 Rxf1+ 29. Rxf1 Qe7 30. Ne2 Bc8 31. Qf3 f5 32. exf5 Rxf5 33. Nf4 Rxf4 34. Qd1 Rxf1+ 35. Qxf1 Qf7 36. Qd1 Bb7 37. h3 Qf2 38. Qg4 Qf1+ 39. Kh2 Bf4+ 40. g3 Qh1# 0-1

[Event "January 9 Early 2024"]
[Site "https://www.chess.com"]
[Date "2024.01.11"]
[Round "2"]
[White "Petersson, Kjell"]
[Black "Zheenbekov, Nurgazy"]
[Result "0-1"]
[Board "170"]
[TimeControl "180+1"]
[WhiteFideId "1705148"]
[BlackFideId "13800485"]
[WhiteElo "2122"]
[BlackElo "2451"]
[WhiteTeam "SWE"]
[BlackTeam "KGZ"]
[WhiteClock "0:00:24"]
[BlackClock "0:00:18"]

1. d4 d5 2. Bf4 Nf6 3. e3 c6 4. Nd2 g6 5. Be2 Bg7 6. h4 h5 7. f3 c5 8. c3 Nc6 9. Nh3 Bxh3 10. Rxh3 Qb6 11. Nb3 c4 12. Nc5 e5 13. Na4 Qc7 14. Bg5 O-O-O 15. Qd2 Rhe8 16. O-O-O Qa5 17. Qc2 Rd6 18. b3 cxb3 19. axb3 Kb8 20. Kb2 Rc8 21. Ra1 Qc7 22. dxe5 Nxe5 23. g4 hxg4 24. fxg4 Nfxg4 25. Bxg4 Nxg4 26. Bf4 Be5 27. Bxe5 Nxe5 28. h5 gxh5 29. b4 Nc4+ 30. Kb3 b6 31. Qd3 Qe7 32. Re1 Qe6 33. Rxh5 d4 34. Kc2 dxe3 35. Rh4 Rxd3 36. Kxd3 Rd8+ 37. Ke2 Rd2+ 0-1

[Event "January 9 Early 2024"]
[Site "https://www.chess.com"]
[Date "2024.01.11"]
[Round "2"]
[White "Zhu, Jiner"]
[Black "Daneshvar, Bardiya"]
[Result "0-1"]
[Board "171"]
[TimeControl "180+1"]
[WhiteFideId "8608059"]
[BlackFideId "12576468"]
[WhiteElo "2619"]
[BlackElo "2950"]
[WhiteTeam "CHN"]
[BlackTeam "IRI"]
[WhiteClock "0:00:03"]
[BlackClock "0:00:54"]

1. e4 c6 2. d4 Na6 3. Nc3 Nc7 4. Be3 d5 5. e5 h5 6. Bd3 g6 7. f4 Nh6 8. Nf3 Bf5 9. Be2 Bg4 10. h3 Bxf3 11. Bxf3 Nf5 12. Bf2 h4 13. Ne2 e6 14. O-O Be7 15. c3 b6 16. b4 a5 17. a3 Qc8 18. Qd3 Qa6 19. Qxa6 Rxa6 20. Rfb1 Kd7 21. bxa5 bxa5 22. a4 Raa8 23. Rb7 Rhb8 24. Rab1 Rxb7 25. Rxb7 Kc8 26. Rb1 Ra6 27. Nc1 Na8 28. Be2 Rb6 29. Rb3 Ba3 30. Rxa3 Rb1 31. Rb3 Rxc1+ 32. Kh2 Rc2 33. Ba6+ Kd7 34. Be1 Ne3 35. Rb7+ Nc7 36. c4 Kc8 37. Rb3+ Nxa6 38. Rxe3 Rxc4 39. Bxa5 Rxd4 40. Rf3 Rxa4 41. Be1 d4 42. Bxh4 c5 43. Bf2 Ra2 44. h4 Nb4 45. Kh3 Rc2 46. g4 d3 0-1

[Event "January 9 Early 2024"]
[Site "https://www.chess.com"]
[Date "2024.01.11"]
[Round "2"]
[White "Leyva Proenza, Richard"]
[Black "Mahdavi, Reza"]
[Result "0-1"]
[Board "172"]
[TimeControl "180+1"]
[WhiteFideId "3500985"]
[BlackFideId "12595926"]
[WhiteElo "2577"]
[BlackElo "2870"]
[WhiteTeam "VEN"]
[BlackTeam "IRI"]
[WhiteClock "0:00:21"]
[BlackClock "0:00:08"]

1. e4 c6 2. d4 d5 3. e5 Bf5 4. Nf3 e6 5. Be2 Nd7 6. O-O a5 7. b3 f6 8. c4 fxe5 9. dxe5 Bc5 10. Bb2 Ne7 11. cxd5 Nxd5 12. Nc3 O-O 13. Na4 Qe8 14. Nxc5 Nxc5 15. Nd4 Qg6 16. Ba3 Nb4 17. Nxf5 Qxf5 18. Bxb4 axb4 19. Qd6 Ra5 20. Bc4 Kh8 21. Qc7 Raa8 22. Qb6 Qxe5 23. Qxb4 b5 24. Rae1 Qd4 25. Rd1 Qe5 26. Rde1 Qf5 27. Be2 Rxa2 28. Qd4 Nxb3 29. Qd7 Nd2 30. Bd3 Qg5 31. Qxe6 Nf3+ 32. Kh1 Nxe1 33. Be4 Re2 34. Qxc6 Qf6 35. f3 Qxc6 36. Bxc6 b4 0-1

[Event "January 9 Early 2024"]
[Site "https://www.chess.com"]
[Date "2024.01.11"]
[Round "2"]
[White "Malek, Jan"]
[Black "Hnatyshyn, Anastasiia"]
[Result "1-0"]
[Board "173"]
[TimeControl "180+1"]
[WhiteFideId "21864080"]
[BlackFideId "14198339"]
[WhiteElo "2715"]
[BlackElo "2258"]
[WhiteTeam "POL"]
[BlackTeam "UKR"]
[WhiteClock "0:00:43"]
[BlackClock "0:00:06"]

1. c4 c6 2. Nf3 d5 3. b3 Nf6 4. Bb2 g6 5. g3 Bg7 6. Bg2 O-O 7. O-O Nbd7 8. Nc3 Re8 9. cxd5 cxd5 10. d4 Nb6 11. Ne5 e6 12. Qd3 Nfd7 13. Nf3 Nf6 14. Rac1 Bd7 15. Ne5 Rc8 16. Rc2 Bc6 17. Rfc1 Nfd7 18. Nxc6 bxc6 19. e3 c5 20. Nb5 c4 21. Qd2 Nb8 22. Nxa7 Rc7 23. Nb5 Rc8 24. Ba3 Bf8 25. Bxf8 Rxf8 26. Bf1 Qd7 27. Qa5 Qd8 28. bxc4 Nc6 29. Qd2 dxc4 30. Bxc4 Nxc4 31. Rxc4 Qb6 32. a4 Rfd8 33. Qc3 Ne7 34. Rxc8 Rxc8 35. Qb2 Rxc1+ 36. Qxc1 Qa5 37. Qc4 Nd5 38. Kg2 Qd2 39. Qb3 h5 40. h4 Kg7 41. Nd6 Nf6 42. Qb7 Ng4 43. Qxf7+ Kh6 44. Qf4+ Kh7 45. Ne4 Qc2 46. Qf7+ Kh6 47. Qf8+ Kh7 48. Ng5# 1-0

[Event "January 9 Early 2024"]
[Site "https://www.chess.com"]
[Date "2024.01.11"]
[Round "2"]
[White "Bazilius, Augustinas"]
[Black "Bhagyashree Patil"]
[Result "1-0"]
[Board "174"]
[TimeControl "180+1"]
[WhiteFideId "12832251"]
[BlackFideId "25053256"]
[WhiteElo "2529"]
[BlackElo "2328"]
[WhiteTeam "LTU"]
[BlackTeam "IND"]
[WhiteClock "0:00:11"]
[BlackClock "0:00:04"]

1. e4 e5 2. d4 exd4 3. c3 dxc3 4. Bc4 Nc6 5. Nf3 d6 6. O-O Be7 7. Nxc3 Nf6 8. Ng5 O-O 9. Qb3 Ne5 10. Be2 h6 11. Nf3 b6 12. Nxe5 dxe5 13. Rd1 Qe8 14. Nd5 Be6 15. Bb5 Bxd5 16. exd5 Qd8 17. Qg3 Kh8 18. Qxe5 Qd6 19. Qf5 Rad8 20. Bf4 Qb4 21. a4 g6 22. Qe5 Kg7 23. Rd4 Qd6 24. Qe3 Qc5 25. Bxh6+ Kg8 26. Bxf8 Bxf8 27. Rc1 Qd6 28. Rc6 1-0

[Event "January 9 Early 2024"]
[Site "https://www.chess.com"]
[Date "2024.01.11"]
[Round "2"]
[White "De Pablo Pena, Miguel Angel"]
[Black "Balla, Tamas-Kristof"]
[Result "0-1"]
[Board "175"]
[TimeControl "180+1"]
[WhiteFideId "2219123"]
[BlackFideId "1208497"]
[WhiteElo "2175"]
[BlackElo "2467"]
[WhiteTeam "ESP"]
[BlackTeam "ROU"]
[WhiteClock "0:00:16"]
[BlackClock "0:00:12"]

1. e4 c5 2. Nc3 Nc6 3. f4 g6 4. Nf3 Bg7 5. Bc4 e6 6. f5 gxf5 7. d3 Nge7 8. O-O d5 9. Bb3 dxe4 10. dxe4 Qxd1 11. Rxd1 Bxc3 12. bxc3 fxe4 13. Ng5 b5 14. a4 c4 15. Ba2 f5 16. axb5 Ne5 17. Ba3 Nd5 18. Bd6 Nf7 19. Nxf7 Kxf7 20. Bxc4 Ne3 21. Rd4 Nxc2 22. Rf1 Nxd4 23. cxd4 Kg6 24. g4 Bb7 25. gxf5+ exf5 26. Kf2 Rhc8 27. Rg1+ Kf6 28. Be5+ Ke7 29. Rg7+ Kf8 30. Rf7+ Ke8 31. Bd5 Bxd5 32. Rxh7 Rc2+ 33. Ke3 Rac8 34. Rh8+ Kd7 35. Rh7+ Ke6 36. Rh6+ Kf7 37. Rh7+ Kg6 38. Rg7+ Kh5 39. h4 R8c3+ 40. Kf4 Rf3# 0-1

[Event "January 9 Early 2024"]
[Site "https://www.chess.com"]
[Date "2024.01.11"]
[Round "2"]
[White "Abrosimov, Vladimir"]
[Black "Tiarks, Jann-Christian"]
[Result "0-1"]
[Board "176"]
[TimeControl "180+1"]
[WhiteFideId "4166892"]
[BlackFideId "12951595"]
[WhiteElo "2197"]
[BlackElo "2480"]
[WhiteTeam "RUS"]
[BlackTeam "GER"]
[WhiteClock "0:00:01"]
[BlackClock "0:00:35"]

1. c4 e5 2. Nc3 Nf6 3. g3 c6 4. Bg2 d5 5. cxd5 cxd5 6. d3 h6 7. Nf3 Nc6 8. O-O Be6 9. a3 Bd6 10. b4 O-O 11. Bb2 a6 12. Rc1 Rc8 13. Na4 a5 14. b5 Na7 15. Nxe5 Nxb5 16. Qb3 Qe8 17. d4 Ne4 18. Rfd1 f6 19. Nd3 Rxc1 20. Nxc1 Kh8 21. Nd3 f5 22. Nac5 Bg8 23. Nxb7 f4 24. Nxd6 Nbxd6 25. Nxf4 Nc4 26. Bc3 Nxf2 27. Kxf2 Qe3+ 28. Kf1 g5 29. Rd3 Qc1+ 30. Be1 gxf4 31. g4 Ne3+ 32. Kf2 Nxg2 33. Rd1 Qe3+ 34. Kxg2 Qxb3 35. Rd3 Qc2 36. Kf2 Re8 37. Rd2 Qe4 38. Rb2 Qxd4+ 39. Kg2 Qxb2 0-1

[Event "January 9 Early 2024"]
[Site "https://www.chess.com"]
[Date "2024.01.11"]
[Round "2"]
[White "Liu, Casper"]
[Black "Vakhlamov, Igor L."]
[Result "1-0"]
[Board "177"]
[TimeControl "180+1"]
[WhiteFideId "1454153"]
[BlackFideId "24126748"]
[WhiteElo "2476"]
[BlackElo "2769"]
[WhiteTeam "DEN"]
[BlackTeam "RUS"]
[WhiteClock "0:00:13"]
[BlackClock "0:00:17"]

1. Nf3 d5 2. b3 Nf6 3. Bb2 e6 4. e3 Be7 5. Be2 O-O 6. O-O c5 7. c4 Nc6 8. cxd5 exd5 9. d4 Ne4 10. Nbd2 Bf6 11. Rc1 Bg4 12. Nxe4 dxe4 13. Nd2 Bxe2 14. Qxe2 cxd4 15. Nxe4 d3 16. Nxf6+ Qxf6 17. Qd2 Qg6 18. Rfd1 Rfd8 19. Rc3 Ne5 20. Kh1 h5 21. f4 Ng4 22. h3 Nf6 23. Rxd3 Re8 24. Be5 Ne4 25. Qe1 f6 26. Bb2 Re7 27. Rd7 Rae8 28. Qa5 Ng3+ 29. Kh2 Rxe3 30. Bd4 Re1 31. Rxe1 Re2 32. Qd5+ Kh7 33. Rxe2 Nxe2 34. Qf3 Qf5 35. Rd5 Qe6 36. Qxh5+ Kg8 37. Rd8+ Qe8 38. Rxe8# 1-0

[Event "January 9 Early 2024"]
[Site "https://www.chess.com"]
[Date "2024.01.11"]
[Round "2"]
[White "Chylewski, Patryk"]
[Black "Zou, Chen"]
[Result "0-1"]
[Board "178"]
[TimeControl "180+1"]
[WhiteFideId "1186191"]
[BlackFideId "8610959"]
[WhiteElo "2541"]
[BlackElo "2802"]
[WhiteTeam "POL"]
[BlackTeam "CHN"]
[WhiteClock "0:00:01"]
[BlackClock "0:00:11"]

1. d4 Nf6 2. Nc3 g6 3. e4 d6 4. f3 a6 5. Be3 b5 6. Qd2 h5 7. h4 Bg7 8. Nh3 Bxh3 9. Rxh3 Nfd7 10. Be2 c5 11. dxc5 Nxc5 12. Bxc5 dxc5 13. Qxd8+ Kxd8 14. O-O-O+ Ke8 15. Nd5 Ra7 16. a4 c4 17. b3 e6 18. Nb6 cxb3 19. cxb3 Rb7 20. a5 Ke7 21. f4 Nc6 22. Rhd3 Rd8 23. Rxd8 Nxd8 24. Nc8+ Kf6 25. Rxd8 Rc7+ 26. Kd1 Rc3 27. Kd2 Rxb3 28. Bd3 Bh6 29. g3 e5 30. Rd6+ Kg7 31. Ke3 Ra3 0-1

[Event "January 9 Early 2024"]
[Site "https://www.chess.com"]
[Date "2024.01.11"]
[Round "2"]
[White "Ronka, Erik"]
[Black "Gonzalez Vega, Alejandro"]
[Result "1-0"]
[Board "179"]
[TimeControl "180+1"]
[WhiteFideId "505080"]
[BlackFideId "3510042"]
[WhiteElo "2527"]
[BlackElo "2319"]
[WhiteTeam "FIN"]
[BlackTeam "CUB"]
[WhiteClock "0:00:16"]
[BlackClock "0:00:04"]

1. e4 c5 2. Nf3 a6 3. c3 Nf6 4. e5 Nd5 5. d4 cxd4 6. Bc4 Nb6 7. Bb3 d5 8. exd6 e6 9. cxd4 Bxd6 10. O-O O-O 11. Nc3 Nc6 12. a3 Be7 13. Bc2 Bf6 14. Qd3 g6 15. Bh6 Re8 16. Rad1 Nd5 17. Ne4 Bh8 18. Rfe1 b5 19. h4 Ra7 20. h5 Bg7 21. Bxg7 Kxg7 22. Neg5 Qf6 23. Ne4 Qd8 24. Nc5 Nce7 25. Ne5 Qd6 26. Qh3 h6 27. hxg6 fxg6 28. Qg3 g5 29. Qd3 Rh8 30. Ne4 Qd8 31. Qg3 Qf8 32. Nxg5 Nf5 33. Nxe6+ Kf6 34. Qg6+ Ke7 35. Nxf8 Rxf8 36. Nc6+ 1-0

[Event "January 9 Early 2024"]
[Site "https://www.chess.com"]
[Date "2024.01.11"]
[Round "2"]
[White "Klimkowski, Jan"]
[Black "Kleiman, Jake"]
[Result "0-1"]
[Board "180"]
[TimeControl "180+1"]
[WhiteFideId "21856222"]
[BlackFideId "2020041"]
[WhiteElo "2936"]
[BlackElo "2638"]
[WhiteTeam "POL"]
[BlackTeam "USA"]
[WhiteClock "0:00:18"]
[BlackClock "0:00:17"]

1. d4 Nf6 2. Nf3 e6 3. c4 Bb4+ 4. Nbd2 O-O 5. a3 Be7 6. g3 d5 7. Bg2 b6 8. O-O Bb7 9. cxd5 Bxd5 10. Qc2 c5 11. e4 Bb7 12. dxc5 bxc5 13. Ne5 Nbd7 14. Nxd7 Qxd7 15. Nc4 Rfd8 16. Na5 Ba6 17. Re1 Rac8 18. Bg5 h6 19. Bf4 Qb5 20. Qc3 c4 21. Bf1 Bc5 22. h3 Qb6 23. Re2 Bd4 24. Qb4 c3 25. bxc3 Bxe2 26. cxd4 Bxf1 27. Rxf1 Rxd4 28. Qxb6 axb6 29. Nb7 Nxe4 30. Rb1 Rc6 31. Be3 Rd7 32. Rb4 f5 33. f3 Nc3 34. a4 Nd5 35. Nc5 bxc5 36. Rb8+ Kh7 37. Bd2 c4 38. Kf2 c3 39. Bc1 c2 40. a5 Nc3 41. Rb3 Rd1 0-1

[Event "January 9 Early 2024"]
[Site "https://www.chess.com"]
[Date "2024.01.11"]
[Round "2"]
[White "Tabuenca Mendataurigoitia, Daniel"]
[Black "Pultinevicius, Paulius"]
[Result "1-0"]
[Board "181"]
[TimeControl "180+1"]
[WhiteFideId "24563617"]
[BlackFideId "12809390"]
[WhiteElo "2564"]
[BlackElo "2811"]
[WhiteTeam "ESP"]
[BlackTeam "LTU"]
[WhiteClock "0:00:21"]
[BlackClock "0:00:02"]

1. Nf3 Nf6 2. g3 g6 3. Bg2 Bg7 4. O-O O-O 5. d3 d5 6. Nbd2 Nc6 7. e4 e5 8. c3 dxe4 9. Nxe4 Nxe4 10. dxe4 Be6 11. b3 Qxd1 12. Rxd1 Rfd8 13. Be3 f6 14. Nd2 Rd3 15. Rac1 Rad8 16. Bf1 Rxe3 17. fxe3 Bg4 18. Kf2 Bxd1 19. Rxd1 Kf8 20. Ke2 Bh6 21. Bh3 Ke7 22. Nf1 Rxd1 23. Kxd1 Nd8 24. Ke2 Nf7 25. Kd3 Nd6 26. Nd2 c6 27. Nc4 Nf7 28. a4 Kd8 29. Be6 Ng5 30. Bg8 Ke7 31. h4 Nf3 32. Na5 Ne1+ 33. Ke2 Nc2 34. Nxb7 Nxe3 35. Na5 Nc2 36. Nxc6+ Kf8 37. Bd5 a6 38. Nb8 a5 39. Nc6 1-0

[Event "January 9 Early 2024"]
[Site "https://www.chess.com"]
[Date "2024.01.11"]
[Round "2"]
[White "Krallis, Christos"]
[Black "Makarian, Rudik"]
[Result "0-1"]
[Board "182"]
[TimeControl "180+1"]
[WhiteFideId "4298896"]
[BlackFideId "44105681"]
[WhiteElo "2676"]
[BlackElo "3086"]
[WhiteTeam "GRE"]
[BlackTeam "FID"]
[WhiteClock "0:00:07"]
[BlackClock "0:00:40"]

1. e4 c5 2. Nf3 d6 3. Nc3 Nc6 4. d4 cxd4 5. Nxd4 Nf6 6. Be2 e5 7. Nb3 Be7 8. O-O O-O 9. Be3 Be6 10. f3 Rc8 11. Qd2 d5 12. exd5 Nxd5 13. Nxd5 Qxd5 14. Rfd1 Rfd8 15. Qe1 Nd4 16. Nxd4 exd4 17. Rxd4 Qe5 18. Qd2 Rxd4 19. Bxd4 Bc5 20. c3 h5 21. Bxc5 Qxc5+ 22. Kh1 h4 23. h3 Qf2 24. Qe1 Qxe1+ 25. Rxe1 Rd8 26. Rd1 Rxd1+ 27. Bxd1 Bxa2 28. Kg1 g5 29. Kf2 Kg7 30. Bc2 Kf6 31. b3 Ke5 32. Ke3 a5 33. c4 a4 34. bxa4 Bxc4 35. a5 f5 36. Ba4 f4+ 37. Kd2 Bf1 38. Ke1 Bxg2 39. Kf2 Bxh3 40. Bb5 Bc8 41. Kg1 Kd4 42. Kg2 Kc5 43. Bd3 Kb4 0-1

[Event "January 9 Early 2024"]
[Site "https://www.chess.com"]
[Date "2024.01.11"]
[Round "2"]
[White "Sarkar, Justin"]
[Black "Rottenwohrer Suarez, Juan"]
[Result "1-0"]
[Board "183"]
[TimeControl "180+1"]
[WhiteFideId "2010011"]
[BlackFideId "32068182"]
[WhiteElo "2286"]
[BlackElo "2488"]
[WhiteTeam "USA"]
[BlackTeam "ESP"]
[WhiteClock "0:00:08"]
[BlackClock "0:00:02"]

1. d4 Nf6 2. c4 e6 3. Nf3 d5 4. Nc3 c6 5. Bg5 Nbd7 6. e3 h6 7. Bh4 Bd6 8. Bd3 Qa5 9. O-O O-O 10. c5 Bb8 11. Rb1 Qd8 12. b4 e5 13. e4 exd4 14. Nxd4 Ne5 15. exd5 g5 16. Bg3 Nxd5 17. Nxd5 Qxd5 18. Bf5 Be6 19. Nxe6 fxe6 20. Bc2 Kg7 21. Qh5 Rf6 22. f4 Nd3 23. fxg5 hxg5 24. Bxd3 Qd4+ 25. Kh1 Qxd3 26. Qxg5+ Rg6 27. Qe7+ Kh6 28. Rbd1 Bxg3 29. Rxd3 Rh8 30. Rxg3 Rxg3 31. hxg3 Kg6+ 32. Kg1 1-0

[Event "January 9 Early 2024"]
[Site "https://www.chess.com"]
[Date "2024.01.11"]
[Round "2"]
[White "Piesik, Piotr"]
[Black "Nakamura, Hikaru"]
[Result "0-1"]
[Board "184"]
[TimeControl "180+1"]
[WhiteFideId "1136194"]
[BlackFideId "2016192"]
[WhiteElo "2681"]
[BlackElo "3261"]
[WhiteTeam "CZE"]
[BlackTeam "USA"]
[WhiteClock "0:00:42"]
[BlackClock "0:00:25"]

1. Nf3 g6 2. g3 Bg7 3. d4 d6 4. Bg2 Bd7 5. O-O Qc8 6. e4 c5 7. c3 Nc6 8. dxc5 dxc5 9. Be3 b6 10. Na3 Nf6 11. Qc2 Bh3 12. Rfd1 Bxg2 13. Kxg2 O-O 14. Nd2 Ng4 15. Nf1 Qb7 16. f3 Nge5 17. Qe2 f5 18. Bf4 Rae8 19. Nc4 Qa6 20. Bxe5 Nxe5 21. Nfe3 f4 22. gxf4 Rxf4 23. Rf1 Ref8 24. Rae1 Nxf3 25. Rd1 Nh4+ 26. Kg1 Rxe4 27. Rxf8+ Bxf8 28. Rd8 Rf4 29. Nd5 Qxc4 30. Rxf8+ Kxf8 31. Qxe7+ Kg8 32. Qe6+ Kg7 33. Qe5+ Kh6 34. Qxf4+ Qxf4 35. Nxf4 Nf3+ 36. Kg2 Ne5 37. Nd5 Kg5 38. b4 cxb4 39. cxb4 Kf5 40. Ne7+ Ke6 41. Nc8 Nc6 42. b5 Kd7 43. Nxb6+ axb6 44. bxc6+ Kxc6 45. Kf3 Kb5 46. Kf4 Ka4 47. Kg5 Ka3 48. Kh6 Kxa2 49. Kxh7 b5 50. Kxg6 b4 51. h4 b3 52. h5 b2 53. h6 b1=Q+ 54. Kg7 Qb2+ 55. Kg8 Qg2+ 56. Kf7 Qh3 57. Kg7 Qg4+ 58. Kf7 Qh5+ 59. Kg7 Qg5+ 60. Kh7 Qf6 0-1

[Event "January 9 Early 2024"]
[Site "https://www.chess.com"]
[Date "2024.01.11"]
[Round "2"]
[White "Demchenko, Anton"]
[Black "Gubajdullin, Alexei"]
[Result "0-1"]
[Board "185"]
[TimeControl "180+1"]
[WhiteFideId "4160258"]
[BlackFideId "4141202"]
[WhiteElo "2919"]
[BlackElo "2629"]
[WhiteTeam "SLO"]
[BlackTeam "RUS"]
[WhiteClock "0:00:01"]
[BlackClock "0:00:13"]

1. e4 e5 2. Nf3 Nf6 3. Nxe5 d6 4. Nf3 Nxe4 5. d4 d5 6. Bd3 Bd6 7. O-O O-O 8. c4 c6 9. Re1 Bf5 10. Qb3 Na6 11. a3 Rb8 12. Be3 dxc4 13. Qxc4 Re8 14. Nc3 Nxc3 15. Bxf5 Nd5 16. Bg5 Qc7 17. Be4 Qd7 18. h3 Nac7 19. Rad1 Bf4 20. Bh4 f5 21. Bb1 Rxe1+ 22. Rxe1 Re8 23. Ne5 Qc8 24. Qd3 g6 25. Bg3 Ne6 26. Ba2 Bxg3 27. fxg3 Qd8 28. Rd1 Kg7 29. h4 Nf6 30. Qb3 Re7 31. Nf3 Qd6 32. Ng5 Nxd4 33. Qd3 c5 0-1

[Event "January 9 Early 2024"]
[Site "https://www.chess.com"]
[Date "2024.01.11"]
[Round "2"]
[White "Fier, Alexandr"]
[Black "Lima, Artur Tin Lun Dai"]
[Result "1-0"]
[Board "186"]
[TimeControl "180+1"]
[WhiteFideId "2107139"]
[BlackFideId "22773150"]
[WhiteElo "2739"]
[BlackElo "2381"]
[WhiteTeam "BRA"]
[BlackTeam "BRA"]
[WhiteClock "0:01:09"]
[BlackClock "0:00:09"]

1. d4 Nf6 2. Bg5 g6 3. Bxf6 exf6 4. e3 d5 5. c4 dxc4 6. Bxc4 Bd6 7. Nc3 c6 8. Nf3 O-O 9. h4 h5 10. Qc2 Kg7 11. O-O-O b5 12. Bd3 a5 13. Ne4 Be7 14. Kb1 Na6 15. Nc5 Nb4 16. Qc3 Nxd3 17. Nxd3 Bf5 18. Ka1 Qd6 19. Nc5 b4 20. Qc4 Qd5 21. Rc1 Rfc8 22. Rhe1 Be4 23. Nxe4 Qxe4 24. Red1 a4 25. Qd3 Qg4 26. e4 b3 27. a3 Qxg2 28. Qe3 Qg4 29. e5 Qe6 30. Re1 fxe5 31. Nxe5 Bf6 32. f4 Qd5 33. Rc5 Qe6 34. Qg3 Rd8 35. Nxg6 Qg4 36. Qxg4 hxg4 37. Ne5 Rxd4 38. Nxg4 Rxf4 39. Nxf6 Rxf6 40. Kb1 Rh8 41. Rc4 Rh5 42. Rxa4 Rfh6 43. Rb4 Rxh4 44. Rxb3 f5 45. Rf3 Rf6 46. Ref1 f4 47. Kc2 Kg6 48. a4 Kf5 49. a5 c5 50. Kc3 Rh7 51. Kc4 Rb7 52. Rxf4+ Ke5 53. Rxf6 Rxb2 54. Kxc5 Rc2+ 55. Kb6 Rb2+ 56. Ka7 Ke4 57. Rb6 Ra2 58. a6 Ke5 59. Rf8 Rc2 60. Re8+ Kd5 61. Rd8+ 1-0

[Event "January 9 Early 2024"]
[Site "https://www.chess.com"]
[Date "2024.01.11"]
[Round "2"]
[White "Lima, Kleyton Alcantara"]
[Black "Murzin, Volodar"]
[Result "0-1"]
[Board "187"]
[TimeControl "180+1"]
[WhiteFideId "22718397"]
[BlackFideId "44155573"]
[WhiteElo "2594"]
[BlackElo "2907"]
[WhiteTeam "BRA"]
[BlackTeam "FID"]
[WhiteClock "0:00:05"]
[BlackClock "0:00:29"]

1. e4 c5 2. Nf3 e6 3. d4 cxd4 4. Nxd4 Nc6 5. Nc3 a6 6. Nxc6 bxc6 7. Bd3 d5 8. O-O Nf6 9. Re1 Be7 10. e5 Nd7 11. Qg4 g6 12. Bh6 Qb6 13. Nd1 a5 14. c4 Ba6 15. Rc1 Qb8 16. Qg3 Bf8 17. Bxf8 Kxf8 18. b3 Kg7 19. h4 h5 20. Ne3 a4 21. Rb1 axb3 22. Rxb3 Qc7 23. f4 Nc5 24. Ra3 d4 25. Nc2 Nxd3 26. Qxd3 c5 27. Rb1 Bb7 28. Rab3 Bc6 29. a3 Ra4 30. Ne1 Rha8 31. Nf3 Qa5 32. f5 exf5 33. e6 Be4 34. Qe2 Rxa3 35. Rxa3 Qxa3 36. exf7 Qe3+ 37. Qxe3 dxe3 38. Re1 Bxf3 39. gxf3 f4 40. Rd1 Kxf7 41. Rd5 Ra1+ 42. Kg2 e2 0-1

[Event "January 9 Early 2024"]
[Site "https://www.chess.com"]
[Date "2024.01.11"]
[Round "2"]
[White "Durarbayli, Vasif"]
[Black "Waldhausen Gordon, Frederick"]
[Result "1-0"]
[Board "188"]
[TimeControl "180+1"]
[WhiteFideId "13402935"]
[BlackFideId "2409143"]
[WhiteElo "2798"]
[BlackElo "2538"]
[WhiteTeam "AZE"]
[BlackTeam "SCO"]
[WhiteClock "0:00:09"]
[BlackClock "0:00:03"]

1. c4 c5 2. Nc3 g6 3. Nf3 Bg7 4. e3 Nf6 5. d4 cxd4 6. exd4 d5 7. cxd5 Nxd5 8. Bc4 Nxc3 9. bxc3 O-O 10. O-O Qc7 11. Bb3 Qxc3 12. Ba3 Nc6 13. Rc1 Qa5 14. Bc5 b6 15. Bd5 bxc5 16. Rxc5 Qa3 17. Bxc6 Rb8 18. Bd5 Bg4 19. Bb3 Qb4 20. Rc4 Qd6 21. Ra4 Bxf3 22. Qxf3 Bxd4 23. Rc1 Bb6 24. h4 Qd2 25. Rd1 Qb2 26. Rd7 Qa1+ 27. Kh2 Qe5+ 28. g3 e6 29. Re4 Qc5 30. Rf4 f5 31. Bxe6+ Kh8 32. Kg2 Rbd8 33. Rc4 Qe5 34. Re7 Qf6 35. Qb7 Qxe7 36. Qxe7 Rfe8 37. Qf6# 1-0

[Event "January 9 Early 2024"]
[Site "https://www.chess.com"]
[Date "2024.01.11"]
[Round "2"]
[White "Martinez Ramirez, Lennis"]
[Black "Shubhi Gupta"]
[Result "1-0"]
[Board "189"]
[TimeControl "180+1"]
[WhiteFideId "3509079"]
[BlackFideId "25195425"]
[WhiteElo "2718"]
[BlackElo "2298"]
[WhiteTeam "CUB"]
[BlackTeam "IND"]
[WhiteClock "0:00:11"]
[BlackClock "0:00:19"]

1. g3 d5 2. Bg2 Nf6 3. Nf3 c6 4. O-O Bg4 5. d3 Nbd7 6. Nbd2 e5 7. e4 dxe4 8. dxe4 Bc5 9. h3 Bh5 10. Qe2 O-O 11. a4 a5 12. Nb3 Bb6 13. Be3 Qc7 14. Rfd1 Rad8 15. g4 Bg6 16. Nh4 Bxe3 17. Qxe3 Nb6 18. Rxd8 Rxd8 19. Nxa5 Rd4 20. Nxg6 hxg6 21. Qb3 Nxe4 22. Bxe4 Rxe4 23. Nxb7 Nxa4 24. Rxa4 Rxa4 25. Qxa4 Qxb7 26. b4 Qb5 27. Qb3 Kf8 28. Qc3 Qd5 29. Kh2 Ke7 30. Kg3 Kd7 31. h4 Qd4 32. Qxd4+ exd4 33. Kf4 Ke6 34. Ke4 f5+ 35. gxf5+ gxf5+ 36. Kxd4 Kd6 37. c4 g6 38. f4 1-0